 Dungeon Crawl Stone Soup version 0.29-a0-11-ga75d3d97ab (webtiles) character file.

Game seed: 15032568534659675531

1491 gimp the Zephyrmancer (level 8, -5/46 HPs)
             Began as a Tengu Wanderer on Jan 29, 2022.
             Was a Follower of Vehumet.
             Slain by an orc warrior (17 damage)
             ... in a bailey.
             The game lasted 00:11:24 (7231 turns).

gimp the Zephyrmancer (Tengu Wanderer)              Turns: 7231, Time: 00:11:25

Health: -5/46      AC:  4    Str: 16    XL:     8   Next: 80%
Magic:  6/19       EV: 17    Int: 15    God:    Vehumet [*.....]
Gold:   103        SH:  0    Dex: 10    Spells: 17/21 levels left

rFire   . . .      SeeInvis .   a - +2 hand crossbow (vorpal)
rCold   . . .      Faith    .   (no shield)
rNeg    . . .      Spirit   .   c - +0 leather armour
rPois   .          Reflect  .   (helmet restricted)
rElec   .          Harm     .   r - +0 cloak
rCorr   .          Rampage  .   (no gloves)
Will    +....                   (boots unavailable)
Stlth   +.........              q - amulet of the acrobat
HPRegen 0.15/turn               j - +4 ring of evasion
MPRegen 0.16/turn               p - ring of willpower

@: flying quickly and evasively, quick
A: beak, talons 3, nimble flight
a: Renounce Religion


You were in a bailey.
You worshipped Vehumet.
Vehumet was aware of your devotion.
You visited 2 branches of the dungeon, and saw 8 of its levels.
You also visited: Bailey.

You collected 225 gold pieces.
You spent 122 gold pieces at shops.

Inventory:

Hand Weapons
 a - a +2 vorpal hand crossbow (weapon)
Missiles
 b - 43 bolts (quivered ammo)
Armour
 c - a +0 leather armour (worn)
 r - a +0 cloak (worn)
Jewellery
 j - a +4 ring of evasion (left hand)
 p - a ring of willpower (right hand)
 q - an amulet of the acrobat (around neck)
Wands
 g - a wand of digging (3)
Scrolls
 d - 3 scrolls of teleportation
 h - 2 scrolls of amnesia
 k - a scroll of fog
 n - 2 scrolls of fear
Potions
 e - a potion of haste
 f - a potion of cancellation
 i - a potion of heal wounds {unknown}
 l - a potion of curing
 m - a potion of brilliance
 o - a potion of lignification
 s - a potion of resistance


   Skills:
 - Level 3.0 Fighting
 - Level 1.1 Crossbows
 - Level 1.0 Stealth
 * Level 7.0 Spellcasting
 - Level 6.0 Conjurations
 + Level 3.6 Fire Magic
 - Level 8.0 Air Magic


You had 17 spell levels left.
You knew the following spells:

 Your Spells              Type           Power      Damage    Failure   Level
a - Shock                 Conj/Air       100%       1d9       1%          1
b - Poisonous Vapours     Pois/Air       34%        N/A       4%          2
c - Foxfire               Conj/Fire      76%        2x1d7     2%          1

Your spell library contained the following spells:

 Spells                   Type           Power      Damage    Failure   Level
 Freeze                   Ice            20%        1d4       16%         1
 Conjure Flame            Conj/Fire      19%        6-21      7%          3
 Flame Wave               Conj/Fire      19%        2d6       22%         4
 Sublimation of Blood     Necr           5%         N/A       24%         2
 Inner Flame              Hex/Fire       10%        N/A       24%         3
 Summon Lightning Spire   Summ/Air       17%        N/A       30%         4
 Irradiate                Conj/Tmut      7%         3d15      78%         5
 Petrify                  Tmut/Erth      5%         N/A       85%         4


Dungeon Overview and Level Annotations

Branches:
Dungeon (7/15)             Temple (1/1) D:4          Bailey (1/1)

Altars:
Cheibriados
Dithmenos
Elyvilon
Fedhas
Gozag
Hepliaklqana
Kikubaaqudgha
Makhleb
Nemelex Xobeh
Okawaru
Qazlal
Ru
Sif Muna
Trog
Uskayaw
Vehumet
Wu Jian
Xom
Yredelemnul
Zin
The Shining One

Shops:
D:4 (!?

Annotations:
D:6 1 runed translucent door, Cecur's ghost, novice DjFE


Innate Abilities, Weirdness & Mutations

You have a beak for a mouth.
You have claws for feet.
Your magical nature lets you fly swiftly and evasively.


Message History

The zap hits the orc warrior.
The orc warrior is almost dead.
The zap hits the orc warrior.
The orc warrior is lightly wounded.
Casting: Shock (safe; 1% risk of failure)
Confirm with . or Enter, or press ? or * to list all spells.
Aiming: Shock (safe; 1% risk of failure)
Press: ? - help, Shift-Dir - straight line, f/p - orc warrior
Aim: an orc warrior, wielding a +0 war axe and wearing a +0 scale mail (lightly wounded, strong, 67% to hit)
Okay, then.
The orc warrior no longer looks unusually strong.
The orc warrior no longer looks unusually strong.
The orc warrior shouts!
The orc warrior hits you with a +0 war axe!
* * * LOW HITPOINT WARNING * * *
You take 11 damage, and have 11/46 hp.
MASSIVE DAMAGE!!
The orc warrior barely misses you.
The orc knight roars a battlecry!
The orc warriors go into a battle-frenzy!
The orc warrior completely misses you.
There is an open gate here.
Things that are here:
a +0 hand axe; a +0 leather armour; a goblin skeleton
Casting: Shock (safe; 1% risk of failure)
Confirm with . or Enter, or press ? or * to list all spells.
Aiming: Shock (safe; 1% risk of failure)
Press: ? - help, Shift-Dir - straight line, f - orc warrior, p - orc warrior
Aim: an orc warrior, wielding a +0 war axe and wearing a +0 ring mail (almost dead, strong, 67% to hit)
That beam is likely to hit you.
Continue anyway?
The zap hits the orc warrior.
The orc warrior is heavily wounded.
The zap hits the orc warrior but does no damage.
The orc warrior is almost dead.
The zap hits the orc warrior.
You kill the orc warrior!
Vehumet accepts your kill.
You feel your power returning.
The zap misses the orc warrior.
The zap misses you.
The orc warrior hits you with a +0 war axe!
You die...

♣♣♣♣♣♣ ###.. ♣....♣♣
###.#'#
♣♣.....♣♣###.....###
♣.....).##.......).##
♣....@o)#......)....#
♣.....og'.o.........#
♣..∩.∩..'.....⌠.....#
♣.......'...o.......#
♣.......#...)...)...#
♣♣......##....o....###
♣....♣♣♣###...).###.#
♣♣♣..♣ ###.#)#....
♣♣♣♣ ###)).o..


You could see an orc knight, 3 orc warriors and a goblin.

Vanquished Creatures
  A water moccasin (D:5)
  7 orc warriors (Bailey)
  A necrophage (D:5)
  2 ogres
  A water moccasin zombie (D:5)
  A hound (D:3)
  A jelly (D:3)
  2 iguanas (D:5)
  6 orc wizards
  5 gnolls
  2 adders
  An adder skeleton (D:3)
  2 worms
  6 dart slugs
  20 orcs
  9 ball pythons
  4 bats
  8 endoplasms
  14 giant cockroaches
  22 goblins
  8 hobgoblins
  10 jackals
  3 quokkas
  5 frilled lizards
  5 kobolds
  7 rats
  A spectral goblin (D:1)
154 creatures vanquished.

Notes
Turn   | Place    | Note
-------+----------+-------------------------------------------
     0 | D:1      | gimp the Tengu Wanderer began the quest for the Orb.
     0 | D:1      | gimp set off with the following items: a +1 hand crossbow,
                  | 29 bolts, a +0 leather armour; and the following spell
                  | memorised: Shock; and the following spells available to
                  | memorise: Poisonous Vapours, Summon Lightning Spire
     0 | D:1      | Reached XP level 1. HP: 14/14 MP: 3/3
    54 | D:1      | Reached skill level 1 in Conjurations
    58 | D:1      | Reached XP level 2. HP: 19/19 MP: 4/4
   262 | D:1      | Found a faded altar of an unknown god.
   314 | D:1      | Reached XP level 3. HP: 23/23 MP: 6/6
   716 | D:2      | Reached skill level 6 in Air Magic
  1275 | D:2      | Reached XP level 4. HP: 28/28 MP: 7/7
  1510 | D:2      | Learned a level 2 spell: Poisonous Vapours
  2087 | D:3      | Gained mutation: Your magical nature lets you fly swiftly
                  | and evasively. [Tengu growth]
  2087 | D:3      | Reached XP level 5. HP: 32/32 MP: 7/9
  2378 | D:3      | Found a white marble altar of Elyvilon.
  2390 | D:3      | Reached skill level 7 in Air Magic
  2395 | D:3      | Reached XP level 6. HP: 34/37 MP: 2/10
  2482 | D:3      | Found a glowing silver altar of Zin.
  2484 | D:3      | Found a hide-covered altar of Uskayaw.
  2484 | D:3      | Found a shadowy altar of Dithmenos.
  3010 | D:4      | Reached skill level 5 in Conjurations
  3168 | D:4      | Found Gusuhub's Distillery.
  3171 | D:4      | Learned a level 1 spell: Foxfire
  3173 | D:4      | Bought a potion of degeneration for 13 gold pieces
  3173 | D:4      | Bought a potion of attraction for 39 gold pieces
  3337 | D:4      | Found a staircase to the Ecumenical Temple.
  3353 | Temple   | Entered the Ecumenical Temple
  3649 | D:4      | Found Byhut's Antique Weapon Shoppe.
  3797 | D:4      | Found an iron altar of Okawaru.
  3803 | D:4      | Found a sacrificial altar of Ru.
  3912 | D:4      | Found a radiant altar of Vehumet.
  3920 | D:4      | Became a worshipper of Vehumet
  3939 | D:4      | Found Quf Qip's Magic Scroll Emporium.
  3944 | D:4      | Bought a scroll of fear for 35 gold pieces
  4360 | D:5      | Entered Level 5 of the Dungeon
  4366 | D:5      | Noticed a water moccasin
  4376 | D:5      | Killed a water moccasin
  4377 | D:5      | Reached skill level 8 in Air Magic
  4377 | D:5      | Reached XP level 7. HP: 20/41 MP: 7/13
  5013 | D:4      | Bought a scroll of magic mapping for 35 gold pieces
  5861 | D:5      | Reached skill level 5 in Spellcasting
  6226 | D:6      | Found a runed translucent door.
  6226 | D:6      | Noticed Cecur's ghost (novice DjFE)
  6324 | D:6      | Reached XP level 8. HP: 27/46 MP: 13/16
  6708 | D:7      | Found a flagged portal.
  6749 | Bailey   | Entered a bailey
  6821 | Bailey   | Reached skill level 1 in Fire Magic
  6938 | Bailey   | Reached * piety under Vehumet
  6938 | Bailey   | Offered knowledge of Freeze by Vehumet.
  7080 | Bailey   | Noticed an orc knight
  7231 | Bailey   | Slain by an orc warrior

Illustrated notes

Levels and vault maps discovered:
D:1:      wander_arrival_peaceful_grave, layout_rooms,
          dreamdust_ecumenical_altar_drowned_temple, hangedman_feature_mirror
D:2:      layout_basic, serial_bayou_crossing
D:3:      minmay_roachtagon, layout_loops_ring, grunt_temple_overflow_open,
          minmay_splitting_lines
D:4:      layout_loops_ring, nicolae_vehumet_altar_sigil,
          mainiacjoe_overflow_big_doors, minmay_temple_entry_tees, serial_shops,
          nicolae_inconvenience_store, kennysheep_mini, shop, grunt_ministairs_8
D:5:      layout_basic, grunt_decor_fettered
D:6:      layout_loops_ring, ebering_ghost_reflecting_pool
D:7:      layout_basic, nicolae_ashenzari_skybound, enter_bailey_5,
          grunt_ogre_cave
Temple:   minmay_temple_curvy_branch
Bailey:   bailey_axe_minmay_hex_keep, bailey

Skill      XL: |  1  2  3  4  5  6  7  8 |
---------------+-------------------------+-----
Conjurations   | 1 2 3 4 6 |  6.0
Air Magic      | 6 7 8 |  8.0
Spellcasting   | 2 3 5 7 |  7.0
Fire Magic     | 3 |  3.6
Fighting       | |  3.0
Crossbows      | |  1.1
Stealth        | |  1.0

Action                   |  1- 3 |  4- 6 |  7- 9 || total
-------------------------+-------+-------+-------++-------
Melee: Hand crossbow     |       |       |     1 ||     1
 Fire: Hand crossbow     |    88 |    88 |    56 ||   232
 Cast: Shock             |       |    72 |    77 ||   149
  Use: Scroll            |       |     4 |    10 ||    14
       Potion            |       |       |     1 ||     1
Armor: Leather armour    |     6 |    11 |     8 ||    25
Dodge: Dodged            |    15 |    53 |    58 ||   126

Table legend: (Time is in decaauts)
 A = Elapsed time spent in this place.
 B = Non-inter-level travel time spent in this place.
 C = Inter-level travel time spent in this place.
 D = Time resting spent in this place.
 E = Time spent auto-exploring this place.
 F = Levels seen in this place.
 G = Mean time per level.
                   A        B        C        D        E       F      G
               +--------+--------+--------+--------+--------+-----+--------+
         Total |   7006 |   6662 |    344 |    276 |   5306 |   9 |  778.4 |
       Dungeon |   6282 |   5941 |    341 |    276 |   4820 |   7 |  897.4 |
        Temple |    258 |    255 |      3 |      0 |    250 |   1 |  258.0 |
        Bailey |    465 |    465 |      0 |      0 |    235 |   1 |  465.0 |
               +--------+--------+--------+--------+--------+-----+--------+

Top non-repeatable levels by time:
     D:4: 1442 daAuts
     D:2: 1230 daAuts
     D:5: 1087 daAuts
     D:3: 1031 daAuts
     D:1: 737 daAuts
     D:6: 700 daAuts
  Bailey: 465 daAuts
  Temple: 258 daAuts
     D:7: 52 daAuts
